 Dungeon Crawl Stone Soup version 0.31-a0-986-g5e6e4ef867 (webtiles) character file.

Game seed: 12336197314583777141

206 LeprechaunX the Changeling (level 5, 0/35 HPs)
             Began as an Octopode Shapeshifter on Nov 8, 2023.
             Splashed by a jelly's acid (7 damage)
             ... on level 4 of the Dungeon.
             The game lasted 00:02:43 (2661 turns).

LeprechaunX the Changeling (Octopode Shapeshifter)  Turns: 2661, Time: 00:02:44

Health: 0/35       AC: -7    Str: 13    XL:     5   Next: 84%
Magic:  5/5        EV: 12    Int: 12    God:
Gold:   72         SH:  4    Dex: 14    Spells: 4/4 levels left

rFire   . .          .
                       - Unarmed
rCold   . . .        i - +0 buckler
rNeg    . . .        (helmet currently unavailable)
rPois   .            (no amulet)
rElec   .            (no ring)
rCorr   .            (no ring)
SInv    .            (no ring)
Will    .....        (no ring)
Stlth   ++           (no ring)
HPRegen 0.25/turn    (no ring)
MPRegen 0.09/turn    (no ring)
                     (no ring)

%: no passive effects
@: beast-form, corroded
A: beast (slay +2), almost no armour, amphibious, 8 rings, camouflage 1,
gelatinous body 1, (nimble swimmer 1), tentacles
a: Begin Untransformation


You were on level 4 of the Dungeon.
You were a hulking beast.
You visited 1 branch of the dungeon, and saw 4 of its levels.

You collected 100 gold pieces.
You spent 28 gold pieces at shops.

Inventory:

Armour
 i - a +0 buckler (worn)
Jewellery
 d - an amulet of magic regeneration
Talismans
 b - a beast talisman
 c - a flux talisman
Scrolls
 e - 5 scrolls of identify
 j - a scroll of amnesia {unknown}
 m - a scroll of acquirement {unknown}
 o - a scroll of revelation {unknown}
Potions
 a - a potion of lignification
 f - a potion of might {unknown}
 g - a potion of curing {unknown}
 h - a potion of invisibility {unknown}
 k - a potion of heal wounds {unknown}
 n - a potion of haste {unknown}
 p - a potion of mutation {unknown}


   Skills:
 + Level 2.6 Fighting
 + Level 1.4 Throwing
 - Level 2.0 Dodging
 + Level 3.9 Unarmed Combat
 * Level 4.5 Shapeshifting


You had 4 spell levels left.
You didn't know any spells.
Your spell library was empty.

Dungeon Overview and Level Annotations

Branches:
Dungeon (4/15)
 Temple: D:4-7

Altars:
Uskayaw
Zin

Shops:
D:2 ?

Annotations:
D:3 1 runed translucent door, Crazy Yiuf
D:4 Pikel


Innate Abilities, Weirdness & Mutations

You are a hulking beast.
Your limbs bulge with bestial killing power. (Slay +2)
You cannot wear most types of armour.
You are amphibious.
You can wear up to eight rings at the same time.
Your skin changes colour to match your surroundings (Stealth+).
Your rubbery body absorbs attacks. (AC +1, EV +1)
((You are camouflaged when in or above water. (Stealth+)))
You have tentacles for arms and can constrict up to eight enemies at once.


Message History

You tentacle-slap the quokka.
You kill the quokka!
No target in view!
No target in view!
A gnoll comes into view. It is wielding a +2 halberd of pain.
A gnoll is nearby!
A gnoll is nearby!
A gnoll is nearby!
A jelly comes into view.
Found an escape hatch in the floor.
The jelly quivers.
The gnoll shouts!
You hear a shout!
A gnoll comes into view. It is wielding a +0 club.
A gnoll comes into view. It is wielding a +0 flail.
A gnoll comes into view. It is wielding a +0 flail.
Throw: javelin (silver)
Press: ? - help, Q - select action Shift-Dir - straight line, f - gnoll
Aim: a gnoll, wielding a +2 halberd of pain (63% to hit)
You throw a silver javelin. The gnoll shouts!
The gnoll shouts!
The silver javelin hits the gnoll and shatters for extra damage.
The gnoll is severely wounded.
You hear a shout!
The gnoll barely misses you.
A goblin comes into view. It is wielding a +0 club.
The gnoll hits you from afar with a +2 halberd of pain.
The gnoll hits you with a +2 halberd of pain!
You writhe in agony.
You bludgeon the gnoll!
You kill the gnoll!
The jelly hits you. The acid corrodes you!
You are splashed with acid!
* * * LOW HITPOINT WARNING * * *
Unknown command.
The jelly attacks as it pursues you! The jelly misses you.
There is a stone staircase leading up here.
The jelly hits you.
* * * LOW HITPOINT WARNING * * *
The acid corrodes you!
You are splashed with acid!
You die...

#.# #.# ####### #..
# ....... ..# ###.
....... #.# ... ##
....... #.##.##....
.......##.#.......#
.......gggJ.#
.......##.#h#
.......##.#.#
.......#....#
.>.....#....#
########....#
#....# #....#
######


You could see a jelly, 2 gnolls and a goblin.

Vanquished Creatures
  Menkaure (D:4)
  A gnoll (D:4)
  3 adders
  A worm (D:1)
  2 orcs
  A ball python (D:1)
  2 endoplasms
  5 giant cockroaches
  3 goblins
  4 hobgoblins
  3 jackals (D:1)
  4 quokkas
  3 bats
  4 frilled lizards
  4 kobolds
  3 rats
44 creatures vanquished.

Notes
Turn   | Place    | Note
-------+----------+-------------------------------------------
     0 | D:1      | LeprechaunX the Octopode Shapeshifter began the quest for
                  | the Orb.
     0 | D:1      | Reached XP level 1. HP: 13/13 MP: 1/1
   439 | D:1      | Reached XP level 2. HP: 18/18 MP: 2/2
  1079 | D:2      | Reached XP level 3. HP: 11/23 MP: 3/3
  1500 | D:2      | Found a hide-covered altar of Uskayaw.
  1519 | D:2      | Found Few Kug's Magic Scroll Emporium.
  1522 | D:2      | Bought a scroll of identify for 28 gold pieces
  1880 | D:3      | Found a glowing silver altar of Zin.
  1901 | D:3      | Found a faded altar of an unknown god.
  1947 | D:3      | Reached XP level 4. HP: 29/29 MP: 4/4
  2180 | D:3      | Found a runed translucent door.
  2181 | D:3      | Noticed Crazy Yiuf
  2550 | D:4      | Noticed a lemure
  2550 | D:4      | Noticed Menkaure
  2552 | D:4      | Noticed Pikel
  2553 | D:4      | Noticed a lemure
  2554 | D:4      | Noticed a lemure
  2554 | D:4      | Noticed a lemure
  2555 | D:4      | Killed Menkaure
  2556 | D:4      | Reached skill level 1 in Throwing
  2556 | D:4      | Reached skill level 4 in Shapeshifting
  2556 | D:4      | Reached XP level 5. HP: 26/35 MP: 5/5
  2661 | D:4      | Splashed by a jelly's acid

Illustrated notes

Levels and vault maps discovered:
D:1:      dpeg_arrival_brainrot, layout_basic
D:2:      layout_basic, serial_shops, nicolae_shop_tiny_real_fake_doors,
          basic_altar, minivault_25
D:3:      layout_basic, mainiacjoe_overflow_brackets, basic_ecumenical_altar,
          uniq_crazy_yiuf_cottage
D:4:      layout_rooms, nicolae_gozag_seed_capital, uniq_pikel,
          uniq_blork_the_orc, uniq_menkaure

Skill      XL: |  1  2  3  4 |
---------------+-------------+-----
Fighting       | 2 |  2.6
Throwing       | 1 |  1.4
Shapeshifting  | 4 |  4.5
Dodging        | |  2.0
Unarmed Combat | |  3.9

Action                     |  1- 3 |  4- 6 || total
---------------------------+-------+-------++-------
  Melee: Unarmed           |    72 |    13 ||    85
         Constrict         |    16 |     4 ||    20
         Tentacles         |     7 |     4 ||    11
         Punch             |     2 |       ||     2
  Throw: Javelin           |       |     6 ||     6
   Stab: Sleeping          |     8 |       ||     8
 Armour: Skin              |    25 |     7 ||    32
  Dodge: Dodged            |    37 |     9 ||    46
  Block: Buckler           |     6 |     3 ||     9

Table legend: (Time is in decaauts)
 A = Elapsed time spent in this place.
 B = Non-inter-level travel time spent in this place.
 C = Inter-level travel time spent in this place.
 D = Time resting spent in this place.
 E = Time spent auto-exploring this place.
 F = Levels seen in this place.
 G = Mean time per level.
                   A        B        C        D        E       F      G
               +--------+--------+--------+--------+--------+-----+--------+
         Total |   2662 |   2529 |    133 |     32 |   2176 |   4 |  665.5 |
       Dungeon |   2662 |   2529 |    133 |     32 |   2176 |   4 |  665.5 |
               +--------+--------+--------+--------+--------+-----+--------+

Top non-repeatable levels by time:
     D:1: 1003 daAuts
     D:3: 895 daAuts
     D:2: 733 daAuts
     D:4: 30 daAuts
